[Event "Titled Tuesday Blitz May 03 Early 2022"]
[White "Cherniaiev, Tykhon"]
[Black "Matveeva, Olga"]
[WhiteFideId "14182360"]
[BlackFideId "24107018"]
[WhiteElo "2289"]
[BlackElo "2083"]
[Result "1-0"]
[Round "02"]
[TimeControl "180+1"]
[Date "2022.05.03"]
[WhiteClock "0:02:39"]
[BlackClock "0:01:01"]

1. Nf3 Nf6 2. c4 e6 3. d4 Bb4+ 4. Bd2 Qe7 5. g3 Nc6 6. Bg2 O-O 7. O-O Bxd2 8. Nbxd2 d6 9. Re1 e5 10. e3 Bg4 11. Qb3 Rab8 12. h3 Bxf3 13. Nxf3 Nd7 14. Rad1 Kh8 15. Qc3 f5 16. b4 Qf6 17. b5 Ne7 18. dxe5 Nxe5 19. Nxe5 dxe5 20. Rd7 c6 21. Red1 cxb5 22. cxb5 Rbc8 23. Qa3 Ng6 24. Bxb7 Rc2 25. R1d6 Qg5 26. Rxg6 1-0


[Site "https://www.chess.com"]

[Event "Titled Tuesday Blitz May 03 Early 2022"]
[White "Chernomordik, Pavel"]
[Black "Molina, Roberto Junio Brito"]
[WhiteFideId "2804530"]
[BlackFideId "2109450"]
[WhiteElo "2220"]
[BlackElo "2432"]
[Result "1/2-1/2"]
[Round "02"]
[TimeControl "180+1"]
[Date "2022.05.03"]
[WhiteClock "0:00:25"]
[BlackClock "0:01:07"]

1. e4 c6 2. Nc3 d5 3. Nf3 dxe4 4. Nxe4 Bg4 5. h3 Bxf3 6. Qxf3 Nd7 7. d4 Ndf6 8. c3 Nxe4 9. Qxe4 Nf6 10. Qf3 Qd5 11. Be2 e6 12. O-O Bd6 13. Qd3 Qe4 14. Qd1 Qg6 15. Qb3 Rb8 16. Bf3 O-O 17. Re1 Rfd8 18. Be3 Nd5 19. Rad1 b5 20. Bc1 a5 21. Rd2 Bf4 22. Rde2 a4 23. Qd1 Bxc1 24. Qxc1 Qf6 25. Re5 g6 26. a3 Rbc8 27. Be4 Kg7 28. Bb1 Qf4 29. Qd1 c5 30. g3 Qf6 31. R5e4 Nb6 32. Qe2 Nc4 33. Rf4 Qe7 34. Bd3 cxd4 35. cxd4 Qd6 36. Qf3 Rc7 37. h4 Nxb2 38. Bxb5 f5 39. Qe2 1/2-1/2


[Site "https://www.chess.com"]

[Event "Titled Tuesday Blitz May 03 Early 2022"]
[White "Chuemsakul, Sarocha"]
[Black "Barp, Alberto"]
[WhiteFideId "6203710"]
[BlackFideId "872555"]
[WhiteElo "1703"]
[BlackElo "2229"]
[Result "0-1"]
[Round "02"]
[TimeControl "180+1"]
[Date "2022.05.03"]
[WhiteClock "0:00:01"]
[BlackClock "0:02:12"]

1. Nf3 b6 2. g3 Bb7 3. Bg2 Nf6 4. O-O c5 5. c4 e6 6. Nc3 Be7 7. e3 O-O 8. d4 cxd4 9. exd4 d5 10. Ne5 Nc6 11. cxd5 Nxe5 12. dxe5 Nxd5 13. Nxd5 Bxd5 14. Bxd5 exd5 15. Be3 Qd7 16. Kg2 Rfd8 17. Qb3 d4 18. Rfd1 Qb7+ 19. f3 dxe3 20. Qxe3 Bc5 21. Qg5 Qe7 22. Qf4 h6 23. a3 a5 24. Qe4 Rac8 25. f4 Rxd1 26. Rxd1 Rd8 27. Rd5 Rxd5 28. Qxd5 Qe6 29. Qd8+ Kh7 30. Qd3+ g6 31. Qe4 h5 32. b4 axb4 33. axb4 Bf8 34. Qd3 Bxb4 35. Qe3 Bc5 36. Qe4 Kg8 37. Qa8+ Bf8 38. Qe4 b5 39. h3 Qc4 40. Qf3 b4 41. g4 hxg4 42. hxg4 b3 43. f5 Qc2+ 44. Kg3 b2 0-1


[Site "https://www.chess.com"]

[Event "Titled Tuesday Blitz May 03 Early 2022"]
[White "Coto Mederos, Michel"]
[Black "Kazakouski, Valery"]
[WhiteFideId "3508528"]
[BlackFideId "13507443"]
[WhiteElo "2427"]
[BlackElo "2524"]
[Result "0-1"]
[Round "02"]
[TimeControl "180+1"]
[Date "2022.05.03"]
[WhiteClock "0:00:03"]
[BlackClock "0:00:17"]

1. c4 e6 2. Nc3 d5 3. e3 a6 4. Nf3 Nf6 5. b3 b6 6. Bb2 Bb7 7. Qc2 Nbd7 8. Be2 Bd6 9. Rg1 h5 10. cxd5 exd5 11. h3 h4 12. Nd4 g6 13. f4 Qe7 14. Nf3 O-O-O 15. O-O-O Kb8 16. Kb1 Ne4 17. Rc1 Rhe8 18. Rge1 Ng3 19. Na4 c5 20. Ka1 Nxe2 21. Rxe2 d4 22. Ree1 Be4 23. Qd1 b5 24. exd4 Bxf3 25. Qxf3 Qxe1 26. Qc6 Qe6 27. d5 Qe7 28. Qxa6 bxa4 29. Qb5+ Ka7 30. Qxa4+ Kb8 31. Qb5+ Nb6 32. Qxb6+ Qb7 33. Qa5 Qxd5 34. Qb5+ Qb7 35. Qc4 Re4 36. Qc2 Bxf4 37. Rf1 g5 38. Bc3 Qd5 39. Qb2 Rde8 40. Qa3 Bxd2 41. Bb2 Re1+ 42. Rxe1 Rxe1+ 0-1


[Site "https://www.chess.com"]

[Event "Titled Tuesday Blitz May 03 Early 2022"]
[White "Cramling Bellon, Anna"]
[Black "Tasev, Dejan"]
[WhiteFideId "32009232"]
[BlackFideId "936618"]
[WhiteElo "1905"]
[BlackElo "2253"]
[Result "0-1"]
[Round "02"]
[TimeControl "180+1"]
[Date "2022.05.03"]
[WhiteClock "0:00:03"]
[BlackClock "0:00:28"]

1. d4 Nf6 2. c4 g6 3. Nc3 Bg7 4. e4 d6 5. h3 O-O 6. Bg5 Nbd7 7. Nf3 c5 8. d5 b5 9. cxb5 a6 10. a4 Bb7 11. Bd3 h6 12. Be3 Ne8 13. O-O Nc7 14. Qd2 Kh7 15. Qe2 axb5 16. axb5 Nb6 17. Nd2 e6 18. dxe6 Nxe6 19. Rfd1 Nd4 20. Qg4 Qe7 21. f4 f5 22. Qg3 fxe4 23. Ndxe4 Nf5 24. Qf2 Nxe3 25. Nxd6 Nxd1 26. Bxg6+ Kh8 27. Rxd1 Rad8 28. f5 Rxd6 29. Rxd6 Qxd6 30. Qh4 Qd4+ 31. Qxd4 Bxd4+ 0-1


[Site "https://www.chess.com"]

[Event "Titled Tuesday Blitz May 03 Early 2022"]
[White "Csonka, Balazs"]
[Black "Warchol, Kamil"]
[WhiteFideId "742910"]
[BlackFideId "21858241"]
[WhiteElo "2404"]
[BlackElo "1910"]
[Result "1-0"]
[Round "02"]
[TimeControl "180+1"]
[Date "2022.05.03"]
[WhiteClock "0:00:06"]
[BlackClock "0:00:10"]

1. e4 c5 2. Nf3 e6 3. d4 cxd4 4. Nxd4 a6 5. Nc3 b5 6. g3 Bb7 7. Bg2 b4 8. Na4 Nf6 9. Qe2 Be7 10. O-O d6 11. Rd1 Qc7 12. a3 bxa3 13. Rxa3 Nbd7 14. Rc3 Qa5 15. b3 Nc5 16. Bd2 Ncxe4 17. Rc8+ Rxc8 18. Bxa5 O-O 19. Nb6 Rb8 20. Nd7 Nxd7 21. Bxe4 d5 22. Bg2 Bf6 23. c4 Rfe8 24. h4 h6 25. cxd5 exd5 26. Qd2 Nc5 27. Nf5 Nxb3 28. Qb4 Bc6 29. Bb6 Bd8 30. Qc3 f6 31. Qxc6 Bxb6 32. Bxd5+ Kh7 33. Bxb3 Re5 34. Qd7 Rxf5 35. Qxf5+ Kh8 36. Bc2 Bxf2+ 37. Kxf2 Kg8 38. Rd7 Kf8 39. Qe6 Rb7 40. Qf7# 1-0


[Site "https://www.chess.com"]

[Event "Titled Tuesday Blitz May 03 Early 2022"]
[White "Cunjalo, Faris"]
[Black "Williams, Simon K"]
[WhiteFideId "14410710"]
[BlackFideId "404454"]
[WhiteElo "2263"]
[BlackElo "2468"]
[Result "0-1"]
[Round "02"]
[TimeControl "180+1"]
[Date "2022.05.03"]
[WhiteClock "0:01:14"]
[BlackClock "0:01:42"]

1. c4 f5 2. Nf3 Nf6 3. b4 d6 4. d4 g6 5. Bb2 Bg7 6. Nbd2 O-O 7. g3 a5 8. b5 a4 9. Bg2 c6 10. bxc6 Nxc6 11. O-O Qa5 12. Rc1 e5 13. d5 Nb4 14. Bc3 Qc5 15. a3 Na2 16. Rc2 Nxc3 17. Rxc3 e4 18. Ng5 Ng4 19. Rc2 e3 20. Ndf3 exf2+ 21. Kh1 Ne3 22. Qd2 Nxc2 23. Qxc2 Qxa3 0-1


[Site "https://www.chess.com"]

[Event "Titled Tuesday Blitz May 03 Early 2022"]
[White "Darini, Pouria"]
[Black "Saldano Dayer, Horacio"]
[WhiteFideId "12502200"]
[BlackFideId "103411"]
[WhiteElo "2489"]
[BlackElo "2419"]
[Result "1-0"]
[Round "02"]
[TimeControl "180+1"]
[Date "2022.05.03"]
[WhiteClock "0:00:20"]
[BlackClock "0:00:06"]

1. e4 e6 2. d4 d5 3. Nc3 Bb4 4. e5 c5 5. a3 Bxc3+ 6. bxc3 Nc6 7. Qg4 g6 8. Nf3 Qa5 9. Bd2 Qa4 10. Bd3 c4 11. Be2 Bd7 12. O-O O-O-O 13. Ra2 f6 14. Qg3 Rf8 15. h4 Qa5 16. Re1 fxe5 17. Nxe5 Nxe5 18. Qxe5 Ne7 19. Bf4 Nc6 20. Qd6 Rxf4 21. Qxf4 Qxc3 22. Rd1 Re8 23. Qd2 Qxd2 24. Rxd2 Kc7 25. c3 b5 26. Rab2 Rb8 27. Bg4 Kd6 28. f4 Ne7 29. Kf2 Nf5 30. g3 Kc7 31. Re2 Kd6 32. Re1 a5 33. h5 gxh5 34. Bxh5 Rg8 35. g4 Ng7 36. Rh1 Rf8 37. Ke3 Rf6 38. g5 Rf8 39. Bg4 Nf5+ 40. Bxf5 exf5 41. Rh6+ Kc7 42. Kf3 Re8 43. Re2 Rxe2 44. Kxe2 b4 45. axb4 axb4 46. cxb4 c3 47. Kd3 1-0


[Site "https://www.chess.com"]

[Event "Titled Tuesday Blitz May 03 Early 2022"]
[White "De Souza, Cristiano Gomes"]
[Black "Bellissimo, Joseph F."]
[WhiteFideId "2151758"]
[BlackFideId "2609843"]
[WhiteElo "2068"]
[BlackElo "2061"]
[Result "0-1"]
[Round "02"]
[TimeControl "180+1"]
[Date "2022.05.03"]
[WhiteClock "0:01:56"]
[BlackClock "0:02:35"]

1. d4 Nf6 2. c4 e6 3. Nf3 d5 4. Nc3 a6 5. Bg5 Be7 6. e3 dxc4 7. Bxc4 b5 8. Bd3 Bb7 9. O-O Nbd7 10. a4 b4 11. Bxf6 Nxf6 12. Na2 O-O 13. Ne5 c5 14. Rb1 Qd5 15. f3 cxd4 16. Nc4 dxe3 17. Nb6 Qc5 18. Nxa8 e2+ 19. Kh1 exd1=Q 0-1


[Site "https://www.chess.com"]

[Event "Titled Tuesday Blitz May 03 Early 2022"]
[White "Devaev, Alexander"]
[Black "Zainullina, Nataliya"]
[WhiteFideId "4169395"]
[BlackFideId "4145488"]
[WhiteElo "2185"]
[BlackElo "2045"]
[Result "1-0"]
[Round "02"]
[TimeControl "180+1"]
[Date "2022.05.03"]
[WhiteClock "0:01:11"]
[BlackClock "0:01:00"]

1. Nf3 Nf6 2. c4 e6 3. Nc3 d5 4. cxd5 exd5 5. d4 Bd6 6. Bg5 c6 7. e3 Bf5 8. Nh4 Bg4 9. Be2 Bxe2 10. Qxe2 Nbd7 11. Nf5 Bf8 12. O-O g6 13. Nh4 Bg7 14. b4 O-O 15. b5 c5 16. Nxd5 cxd4 17. exd4 Qa5 18. Nxf6+ Nxf6 19. Nf3 h6 20. Be3 Nd5 21. Qd2 Qxb5 22. Bxh6 Rfd8 23. Rab1 Qa6 24. Rb3 Rab8 25. h4 Bxh6 26. Qxh6 Qxa2 27. Ng5 Nf6 28. Rf3 Qa6 29. h5 gxh5 30. Rxf6 Qd3 31. Rxf7 Qxd4 32. Qh7# 1-0


[Site "https://www.chess.com"]

[Event "Titled Tuesday Blitz May 03 Early 2022"]
[White "Di Nicolantonio, Lucas"]
[Black "Rom, Jasper"]
[WhiteFideId "680460"]
[BlackFideId "2023733"]
[WhiteElo "2381"]
[BlackElo "2233"]
[Result "1-0"]
[Round "02"]
[TimeControl "180+1"]
[Date "2022.05.03"]
[WhiteClock "0:00:15"]
[BlackClock "0:00:01"]

1. b3 c5 2. Bb2 Nc6 3. Nf3 d5 4. e3 a6 5. d4 cxd4 6. exd4 Bg4 7. h3 Bh5 8. g4 Bg6 9. Ne5 Nxe5 10. dxe5 e6 11. Bg2 Rc8 12. c3 Qc7 13. Qe2 h5 14. Nd2 b5 15. Rc1 Qa5 16. a3 Ne7 17. O-O hxg4 18. hxg4 Nc6 19. c4 bxc4 20. bxc4 d4 21. Nb3 Qb6 22. Qd1 d3 23. c5 Qb5 24. a4 Qb4 25. f4 Na5 26. f5 exf5 27. gxf5 Bh5 28. Qxd3 Qxb3 29. Qxa6 Bxc5+ 30. Rxc5 Rxc5 31. Qa8+ Ke7 32. Qa7+ Ke8 33. Qxc5 1-0


[Site "https://www.chess.com"]

[Event "Titled Tuesday Blitz May 03 Early 2022"]
[White "Dixit, Nikhil"]
[Black "Bashirli, Saadat"]
[WhiteFideId "5059534"]
[BlackFideId "13429990"]
[WhiteElo "2223"]
[BlackElo "1173"]
[Result "1-0"]
[Round "02"]
[TimeControl "180+1"]
[Date "2022.05.03"]
[WhiteClock "0:01:21"]
[BlackClock "0:00:22"]

1. e4 c5 2. Nf3 g6 3. d4 cxd4 4. Qxd4 Nf6 5. Bb5 a6 6. e5 axb5 7. exf6 exf6 8. O-O Be7 9. Bh6 Nc6 10. Qd2 g5 11. Nc3 b4 12. Nd5 d6 13. Rfe1 Be6 14. Nxe7 Qxe7 15. Nd4 Nxd4 16. Qxd4 Rg8 17. f4 Rg6 18. Bxg5 fxg5 19. f5 Rf6 20. fxe6 fxe6 21. Qxb4 Kf7 22. Rf1 Rf8 23. Rxf6+ Kxf6 24. Rf1+ Kg7 25. Rxf8 Kxf8 26. Qe4 Kg7 27. a4 e5 28. h3 h6 29. b4 Qc7 30. a5 Qd7 31. c4 Kf6 32. b5 Qc7 33. b6 Qc5+ 34. Kh2 Qc8 35. a6 bxa6 36. b7 Qc7 37. Qb1 Qb8 38. Qb6 Ke6 39. Qc6 e4 40. Qc8+ Qxc8 41. bxc8=Q+ Ke5 42. c5 Kd4 43. cxd6 Ke3 44. d7 Ke2 45. d8=Q Ke1 46. Qd4 e3 47. Qc1+ Kf2 48. Qcxe3+ Kf1 49. Qf2# 1-0


[Site "https://www.chess.com"]

[Event "Titled Tuesday Blitz May 03 Early 2022"]
[White "Djokic, Mihailo"]
[Black "Xu, Yi"]
[WhiteFideId "976440"]
[BlackFideId "8605564"]
[WhiteElo "2202"]
[BlackElo "2471"]
[Result "0-1"]
[Round "02"]
[TimeControl "180+1"]
[Date "2022.05.03"]
[WhiteClock "0:00:01"]
[BlackClock "0:00:14"]

1. e4 c5 2. Nf3 d6 3. d4 cxd4 4. Nxd4 Nf6 5. Nc3 a6 6. Rg1 b5 7. g4 Bb7 8. f3 b4 9. Nce2 e6 10. g5 Nfd7 11. Be3 Nc6 12. Nxc6 Bxc6 13. Nd4 Bb7 14. Qd2 Qc7 15. O-O-O d5 16. Bf4 Bd6 17. Bxd6 Qxd6 18. Nb3 O-O 19. Na5 Qb6 20. Nxb7 Qxg1 21. exd5 exd5 22. Na5 Ne5 23. Qf4 Ng6 24. Qd2 Qb6 25. Nb3 a5 26. Nd4 a4 27. f4 b3 28. cxb3 axb3 29. a3 Rfb8 30. Kb1 Qd6 31. f5 Ne5 32. Qf4 Rxa3 33. bxa3 Qxa3 34. Qd2 b2 35. Nc2 Qa4 36. Qxd5 Nc6 37. Qd6 Ra8 38. Qa3 Qxc2+ 39. Kxc2 Rxa3 40. Kxb2 Ra8 41. Rd6 Rb8+ 42. Kc2 Ne7 43. f6 Nf5 44. Rd7 Ne3+ 45. Kd3 Nxf1 46. fxg7 Nxh2 47. Ke4 Kxg7 48. Kf4 Rb3 49. Rd2 Nf3 50. Rf2 Nd4 51. Ke4 Ne6 52. Kf5 Rb5+ 53. Kg4 Rxg5+ 54. Kh4 Rg6 55. Rb2 Rh6+ 56. Kg4 Rg6+ 57. Kf5 Rg5+ 58. Ke4 Kg6 59. Rh2 h5 60. Rh1 Rg4+ 61. Kf3 Kg5 62. Ra1 h4 63. Ra8 Rg3+ 64. Kf2 Kg4 65. Ra4+ Nf4 66. Ra7 Rf3+ 67. Kg1 Ng6 68. Ra4+ Kg3 69. Ra7 Nf4 70. Ra2 Nh3+ 71. Kh1 Nf2+ 72. Kg1 h3 0-1


[Site "https://www.chess.com"]

[Event "Titled Tuesday Blitz May 03 Early 2022"]
[White "Wagner, Dinara"]
[Black "Borgaonkar Akshay"]
[WhiteFideId "24157570"]
[BlackFideId "25639110"]
[WhiteElo "2216"]
[BlackElo "1624"]
[Result "1/2-1/2"]
[Round "02"]
[TimeControl "180+1"]
[Date "2022.05.03"]
[WhiteClock "0:00:04"]
[BlackClock "0:00:05"]

1. d4 Nf6 2. Nf3 g6 3. c4 Bg7 4. g3 O-O 5. Bg2 c5 6. d5 b5 7. cxb5 d6 8. Nc3 a6 9. bxa6 Nbd7 10. O-O Qa5 11. Qc2 Bxa6 12. Rd1 Nb6 13. Rb1 Rfb8 14. b3 Ne8 15. Bd2 Bb7 16. a4 Qa6 17. e4 c4 18. Bf1 cxb3 19. Qxb3 Qa5 20. Qxb6 Bxc3 21. Qxa5 Bxa5 22. Bxa5 Rxa5 23. Rb4 Nf6 24. Rdb1 Rba8 25. Rxb7 Rxa4 26. Rxe7 Rxe4 27. Rxe4 Nxe4 28. Re1 Nc3 29. h4 Nxd5 30. Rd1 Ra5 31. Bc4 Nb6 32. Bb3 d5 33. Nd4 h5 34. Rb1 Kg7 35. Kg2 Rc5 36. Bd1 Nc4 37. Rb7 Kf6 38. Bf3 Ne5 39. Ne2 Rc2 40. Nf4 d4 41. Rb6+ Kg7 42. Rd6 Rd2 43. Ne2 d3 44. Nf4 Kf8 45. Rd4 Ke7 46. Rd5 f6 47. Kg1 Kf7 48. Bg2 Ng4 49. Rxd3 Rxf2 50. Rd7+ Ke8 51. Ra7 Rb2 52. Bc6+ Kd8 53. Ne6+ Kc8 54. Ra8+ Rb8 55. Bd7+ Kb7 56. Rxb8+ Kxb8 57. Nf8 Ne5 58. Be6 Kc7 59. Bb3 Kd6 60. Ne6 Ke7 61. Nf4 f5 62. Kf2 Kf6 63. Ke3 Ng4+ 64. Kf3 Ne5+ 65. Kf2 Ng4+ 66. Ke2 Ne5 67. Nd5+ Ke6 68. Ke3 Ng4+ 69. Kf4 Kf7 70. Kg5 Kg7 71. Nf4 Nf2 72. Ne6+ Kh7 73. Nf8+ Kg7 74. Ne6+ Kh7 75. Nd4 Ne4+ 76. Kf4 Kg7 77. Ne6+ Kf6 78. Ng5 Nf2 79. Nf3 Nd3+ 80. Ke3 Nc5 81. Ba2 Ne4 82. Nd4 Nxg3 83. Kf4 Ne4 84. Nf3 Nc5 85. Bc4 Ne4 86. Nd4 Nc5 87. Nb5 Ne4 88. Nc7 Nc5 89. Nd5+ Kg7 90. Ba2 Nd3+ 91. Kg5 Nc5 92. Kf4 Nd3+ 93. Kg3 Nc5 94. Nf4 Ne4+ 95. Kf3 Nc5 96. Bd5 Kf6 97. Bc6 Nb3 98. Be8 Nd4+ 99. Ke3 Nc2+ 100. Kd2 Nd4 101. Bxg6 Nf3+ 102. Ke3 Nxh4 103. Bxh5 Kg5 104. Bd1 Ng6 105. Ne6+ Kf6 106. Nd4 Ke5 107. Nf3+ Kf6 108. Bc2 Ne5 109. Nd4 Ng4+ 110. Kf4 Nh6 111. Nc6 Nf7 112. Nd4 Nd6 113. Bd3 Nf7 114. Nxf5 Ne5 115. Bb1 Ng6+ 116. Ke4 Ne5 117. Nd4 Nf7 118. Nc6 Nd6+ 119. Kd5 Nf7 120. Be4 Ng5 121. Bd3 Nf7 122. Nb8 Ng5 123. Nd7+ Ke7 124. Kc6 Nf7 125. Bc4 Nd8+ 126. Kc7 Ne6+ 127. Kc8 Nd4 128. Nb6 Ne6 129. Nd5+ Kd6 130. Ne3 Nd4 131. Kb7 Kc5 132. Bg8 Nf3 133. Kc7 Kd4 134. Nf5+ Ke4 135. Nd6+ Ke5 136. Kc6 Nd4+ 137. Kc5 Ne6+ 138. Kc6 Nd4+ 139. Kd7 Nf5 140. Nc4+ Kf6 141. Nd2 Nh6 142. Bb3 Nf5 143. Kc6 Ke5 144. Kc5 Nd6 145. Nf3+ Kf4 146. Nd4 Ne4+ 147. Kd5 Nc3+ 148. Kc4 Ne4 149. Ne6+ Ke5 150. Nd8 Nd2+ 151. Kc3 Nxb3 1/2-1/2


[Site "https://www.chess.com"]

[Event "Titled Tuesday Blitz May 03 Early 2022"]
[White "Dubov, Daniil"]
[Black "Taichman, Ori"]
[WhiteFideId "24126055"]
[BlackFideId "2804069"]
[WhiteElo "2791"]
[BlackElo "2227"]
[Result "1-0"]
[Round "02"]
[TimeControl "180+1"]
[Date "2022.05.03"]
[WhiteClock "0:00:13"]
[BlackClock "0:00:07"]

1. d4 Nf6 2. Nf3 g6 3. c4 Bg7 4. Nc3 O-O 5. Bg5 c5 6. d5 e6 7. e3 exd5 8. cxd5 d6 9. Be2 Bg4 10. Nd2 Bxe2 11. Qxe2 Re8 12. O-O Na6 13. Rfd1 Qd7 14. Qb5 Rad8 15. Nc4 Qc8 16. Bf4 Nc7 17. Qb3 Bf8 18. a4 Nh5 19. Bg5 Be7 20. Bxe7 Rxe7 21. Nb5 Nxb5 22. axb5 b6 23. Qc3 Qg4 24. h3 Qh4 25. Ra4 Qg5 26. Qd3 f5 27. Rda1 Rdd7 28. b4 cxb4 29. Rxb4 f4 30. e4 Nf6 31. Nd2 h5 32. Nf3 Qh6 33. h4 Ng4 34. Rc4 Qg7 35. Rc8+ Kh7 36. Rac1 Rc7 37. Ng5+ Kh6 38. Qd2 Rxc1+ 39. Qxc1 Qe5 40. g3 Kg7 41. Qxf4 Qxf4 42. gxf4 Nf6 43. f3 Nd7 44. Rc7 Kf6 45. Rxa7 Nc5 46. Nh7+ Kf7 47. Ng5+ Kf6 48. Ra3 Rb7 49. Kf2 Nd7 50. Ke3 Rc7 51. Ra8 Rc5 52. Ra7 Ke7 53. e5 dxe5 54. fxe5 Rxd5 55. e6 Re5+ 56. Kd4 Rxe6 57. Nxe6 Kxe6 58. Rc7 Kd6 59. Rc6+ Ke7 60. Rxg6 Nf8 61. Rxb6 1-0


[Site "https://www.chess.com"]

[Event "Titled Tuesday Blitz May 03 Early 2022"]
[White "Estrada Nieto, Julian"]
[Black "Demchenko, Anton"]
[WhiteFideId "5101018"]
[BlackFideId "4160258"]
[WhiteElo "2252"]
[BlackElo "2539"]
[Result "0-1"]
[Round "02"]
[TimeControl "180+1"]
[Date "2022.05.03"]
[WhiteClock "0:00:05"]
[BlackClock "0:00:15"]

1. e4 e5 2. Nf3 Nc6 3. Bb5 a6 4. Ba4 Nge7 5. Nc3 d6 6. Bb3 Na5 7. d4 Nxb3 8. axb3 f6 9. Be3 Be6 10. Qe2 Ng6 11. O-O-O Be7 12. h4 h5 13. dxe5 fxe5 14. Ng5 Bxg5 15. Bxg5 Qd7 16. g3 Qf7 17. Rdf1 Kd7 18. f4 exf4 19. gxf4 Bg4 20. Qd3 Rae8 21. Nd5 Kc8 22. Qd4 Kb8 23. f5 Ne5 24. Be3 Nc6 25. Qd3 Ne7 26. Nf4 Nc8 27. Ng6 Rhg8 28. Bd4 Qd7 29. Rhg1 Qc6 30. e5 dxe5 31. Nxe5 Qh6+ 32. Kb1 Nd6 33. Nxg4 hxg4 34. Rxg4 Qh5 35. Rxg7 Rgf8 36. f6 Qxh4 37. Qc3 Nb5 38. Qc5 Qxd4 39. Rxc7 Qxc5 40. Rxc5 Rf7 41. Rcf5 Ref8 42. c4 Nd6 43. R5f4 Ne8 0-1


[Site "https://www.chess.com"]

[Event "Titled Tuesday Blitz May 03 Early 2022"]
[White "Eynullayev, Atilla"]
[Black "Keller, Peter"]
[WhiteFideId "13413570"]
[BlackFideId "1272105"]
[WhiteElo "1936"]
[BlackElo "2275"]
[Result "1-0"]
[Round "02"]
[TimeControl "180+1"]
[Date "2022.05.03"]
[WhiteClock "0:01:44"]
[BlackClock "0:00:42"]

1. e4 e5 2. Nf3 Nc6 3. Bb5 Nf6 4. d3 Bc5 5. Bxc6 dxc6 6. Qe2 Nd7 7. Nbd2 f6 8. a3 Nf8 9. b4 Bd6 10. Nc4 Ne6 11. Be3 O-O 12. O-O c5 13. c3 b6 14. Rfd1 Ba6 15. Nxd6 Qxd6 16. a4 cxb4 17. cxb4 Qxb4 18. Qa2 Qe7 19. d4 exd4 20. Nxd4 Rfe8 21. Nf5 Qf7 22. Bh6 Rad8 23. Bxg7 Nxg7 24. Nh6+ 1-0


[Site "https://www.chess.com"]

[Event "Titled Tuesday Blitz May 03 Early 2022"]
[White "Ezat, Mohamed"]
[Black "Moiseenko, Alexander"]
[WhiteFideId "10600906"]
[BlackFideId "14102560"]
[WhiteElo "2386"]
[BlackElo "2577"]
[Result "0-1"]
[Round "02"]
[TimeControl "180+1"]
[Date "2022.05.03"]
[WhiteClock "0:00:01"]
[BlackClock "0:00:12"]

1. d4 Nf6 2. c4 c5 3. d5 b5 4. cxb5 a6 5. Nc3 axb5 6. e4 b4 7. Nb5 d6 8. Bf4 g5 9. Bxg5 Nxe4 10. Bf4 Bg7 11. Qe2 Nf6 12. Nxd6+ Kf8 13. Nxc8 Qxc8 14. Qf3 Nbd7 15. Ne2 Ne8 16. Rb1 Rxa2 17. Ng3 Rxb2 18. Rxb2 Bxb2 19. Bh6+ Ng7 20. Nf5 Bc3+ 21. Kd1 Rg8 22. d6 e6 23. Ne7 Qb8 24. Nxg8 Qxd6+ 25. Kc2 Kxg8 26. Bd3 Bd4 27. Rd1 b3+ 28. Kb1 Qb8 29. Bc4 Ne5 30. Qg3 Nc6 31. Qxb8+ Nxb8 32. Bxb3 Nf5 0-1


[Site "https://www.chess.com"]

[Event "Titled Tuesday Blitz May 03 Early 2022"]
[White "Fajdetic, Hrvoje"]
[Black "Fiorito, Fabian"]
[WhiteFideId "14501945"]
[BlackFideId "100200"]
[WhiteElo "2172"]
[BlackElo "2395"]
[Result "0-1"]
[Round "02"]
[TimeControl "180+1"]
[Date "2022.05.03"]
[WhiteClock "0:00:47"]
[BlackClock "0:01:33"]

1. d4 d5 2. Bf4 Nf6 3. e3 c5 4. Nc3 a6 5. dxc5 Nc6 6. Nf3 Bg4 7. Be2 e6 8. Na4 Bxc5 9. Nxc5 Qa5+ 10. c3 Qxc5 11. O-O Bxf3 12. Bxf3 O-O 13. e4 dxe4 14. Bd6 Qg5 15. Be2 Rfd8 16. c4 Ne8 17. c5 Nxd6 18. cxd6 Qe5 19. d7 Qc7 20. Qc2 f5 21. Bc4 Qxd7 22. f3 Ne5 23. Bb3 exf3 24. Qxf5 Qd4+ 25. Kh1 fxg2+ 26. Kxg2 Qxb2+ 27. Rf2 Qxa1 28. Bxe6+ Kh8 29. Bd5 Ng6 30. Bf7 Nh4+ 0-1


[Site "https://www.chess.com"]

[Event "Titled Tuesday Blitz May 03 Early 2022"]
[White "Fedoseev, Vladimir"]
[Black "Melikyan, Gnel"]
[WhiteFideId "24130737"]
[BlackFideId "54109990"]
[WhiteElo "2726"]
[BlackElo "1772"]
[Result "1-0"]
[Round "02"]
[TimeControl "180+1"]
[Date "2022.05.03"]
[WhiteClock "0:00:05"]
[BlackClock "0:00:02"]

1. e4 c5 2. Nf3 Nc6 3. Bb5 g6 4. O-O Bg7 5. d3 Nf6 6. Nc3 O-O 7. Be3 d6 8. Bxc6 bxc6 9. h3 Rb8 10. Qc1 Qa5 11. Bd2 Qb6 12. Rb1 Re8 13. e5 Nd5 14. exd6 exd6 15. Ne4 Qc7 16. c4 Nf6 17. Nxd6 Qxd6 18. Bf4 Qxd3 19. Rd1 Qe4 20. Re1 Rb4 21. Rxe4 Nxe4 22. Bh6 Bh8 23. a3 Rb7 24. Qc2 Bf5 25. g4 Nd2 26. gxf5 Nxf3+ 27. Kh1 Nd4 28. Qa4 Nxf5 29. Qxc6 Rbe7 30. Bg5 Re6 31. Qb7 Bd4 32. Rf1 Re2 33. Qf3 h6 34. Be3 Rxb2 35. Bxd4 Nxd4 36. Qf4 Kg7 37. Qd6 Re6 38. Qxc5 Nf5 39. Qa5 Rc2 40. Qxa7 Rc6 41. a4 R2xc4 42. a5 Rc3 43. Kh2 Ra3 44. Qb8 Rcc3 45. Qb2 Kh7 46. Ra1 Rxh3+ 47. Kg1 Rab3 48. Qf6 Ng7 49. a6 Rhf3 50. Qd4 Rb8 51. a7 Ra8 52. Qe4 Rxa7 53. Rxa7 Rf5 54. Qe7 Nh5 55. Qf8 1-0


[Site "https://www.chess.com"]

[Event "Titled Tuesday Blitz May 03 Early 2022"]
[White "Gabrielian, Artur"]
[Black "Prohorov, Olexandr"]
[WhiteFideId "4131002"]
[BlackFideId "14105578"]
[WhiteElo "2440"]
[BlackElo "1993"]
[Result "1-0"]
[Round "02"]
[TimeControl "180+1"]
[Date "2022.05.03"]
[WhiteClock "0:00:13"]
[BlackClock "0:00:07"]

1. e4 c5 2. Nf3 e6 3. d4 cxd4 4. Nxd4 Qb6 5. Nb3 Nf6 6. Nc3 Bb4 7. Bd3 d5 8. exd5 Nxd5 9. O-O Nxc3 10. bxc3 Be7 11. Qh5 Nd7 12. Be3 Qc7 13. f4 Nf6 14. Qf3 O-O 15. Bd4 Bd7 16. Rae1 b6 17. Be5 Qc8 18. Nd4 g6 19. Qh3 Nd5 20. c4 Nf6 21. Qh6 Re8 22. Re3 Qc5 23. c3 Bf8 24. Qh4 Nh5 25. Qxh5 gxh5 26. Rg3+ Bg7 27. Rxg7+ Kf8 28. Bf6 Qe7 29. Bxe7+ Kxg7 30. Bd6 f6 31. Rf3 h4 32. Rh3 e5 33. Nf5+ Bxf5 34. Bxf5 Rad8 35. fxe5 fxe5 36. c5 e4 37. Re3 bxc5 38. Bxc5 Re5 39. Bd4 Rxd4 40. cxd4 Rxf5 41. Rxe4 Ra5 42. Re2 Kf6 43. Kf2 Kf5 44. Kf3 Ra3+ 45. Kf2 Ra5 46. Kf3 Ra3+ 47. Re3 Rxa2 48. Re5+ Kf6 49. Rh5 Rd2 50. Rxh4 Kg6 51. Rg4+ Kf6 52. Rf4+ Kg6 53. Rg4+ Kf6 54. h3 a5 55. Ke3 Rb2 56. Rg8 a4 57. Ke4 a3 58. Ra8 a2 59. g4 Ke6 60. Ra6+ Ke7 61. Ke5 Re2+ 62. Kd5 Rb2 63. h4 Rc2 64. g5 Rb2 65. Ke5 Rc2 66. h5 Rb2 67. Ra7+ Ke8 68. d5 Re2+ 69. Kd6 Kf8 70. h6 Rg2 71. Ra8+ Kf7 72. Ra7+ Kg6 73. Rg7+ Kf5 74. Ra7 Ke4 75. Ke6 Rxg5 76. Ra4+ Kd3 77. Rxa2 Rg6+ 78. Ke5 Rxh6 79. d6 Rh5+ 80. Ke6 Kc4 81. d7 Rh3 82. d8=Q Re3+ 83. Kf5 Rd3 84. Qc7+ Kd4 85. Qe5+ Kc4 86. Ra4+ Kb3 87. Qb5+ Kc2 88. Ra2+ Kc3 89. Ra3+ 1-0


[Site "https://www.chess.com"]

[Event "Titled Tuesday Blitz May 03 Early 2022"]
[White "Grischuk, Alexander"]
[Black "Ohanyan, Emin"]
[WhiteFideId "4126025"]
[BlackFideId "13312022"]
[WhiteElo "2762"]
[BlackElo "1927"]
[Result "1-0"]
[Round "02"]
[TimeControl "180+1"]
[Date "2022.05.03"]
[WhiteClock "0:01:38"]
[BlackClock "0:00:11"]

1. d4 d5 2. Nf3 Nf6 3. Bf4 e6 4. Nbd2 Bd6 5. Bg5 Nbd7 6. e4 dxe4 7. Nxe4 Be7 8. Nxf6+ Nxf6 9. Bd3 h6 10. Bd2 c5 11. dxc5 Bxc5 12. Qe2 Qb6 13. O-O-O Bxf2 14. Rhf1 Bc5 15. Ne5 Be7 16. g4 Bd7 17. h4 Rf8 18. g5 hxg5 19. hxg5 Nd5 20. Nxf7 Rxf7 21. Bg6 O-O-O 22. Rxf7 Bb5 23. Bd3 Be8 24. Rxg7 1-0


[Site "https://www.chess.com"]